 Dungeon Crawl Stone Soup version 0.31-a0-875-g02e7d12df6 (webtiles) character file.

Game seed: 14187535339147610703

12515 Shayle the Grappler (level 12, -24/94 HPs)
             Began as a Human Shapeshifter on Oct 13, 2023.
             Was a Follower of Ashenzari.
             Killed from afar by a gargoyle (32 damage)
             ... with a stone arrow
             ... on level 11 of the Dungeon.
             The game lasted 00:50:58 (12801 turns).

Shayle the Grappler (Human Shapeshifter)           Turns: 12801, Time: 00:50:59

Health: -24/94     AC: 11    Str: 15    XL:     12   Next: 21%
Magic:  15/15      EV: 15    Int: 15    God:    Ashenzari [*.....]
Gold:   591        SH:  0    Dex: 13    Spells: 15/15 levels left

rFire   . . .        J - +11 Singing Sword {sonic wave}
rCold   + . .        (no shield)
rNeg    . . .        G - +2 steam dragon scales
rPois   .            (helmet currently unavailable)
rElec   .            (cloak currently unavailable)
rCorr   .            (gloves currently unavailable)
SInv    .            (boots currently unavailable)
Will    .....        (no amulet)
Stlth   +            i - ring "Lashed Visionary" {AC+4, Fort, Elem} (curse)
HPRegen 0.35/turn    y - ring of Supernal Understanding {rC+, Bglg, Self} (curse)
MPRegen 0.14/turn

%: no passive effects
@: beast-form
A: beast (slay +4)
a: Begin Untransformation, Renounce Religion, Curse Item, Shatter the Chains


You were on level 11 of the Dungeon.
You worshipped Ashenzari.
Ashenzari was aware of your devotion.
You were a hulking beast.
You visited 3 branches of the dungeon, and saw 13 of its levels.
You also visited: Ossuary.

You collected 695 gold pieces.
You spent 104 gold pieces at shops.

Inventory:

Hand Weapons
 b - a +1 demon whip of venom
 f - a +3 halberd of freezing
 w - the +3 mace of Crystal {venom, Int+2 Dex+2}
   (You found it on level 3 of the Dungeon)

   Int+2:     It affects your intelligence (+2).
   Dex+2:     It affects your dexterity (+2).
 J - the +11 Singing Sword (weapon) {sonic wave}
   (You found it on level 10 of the Dungeon)
 K - a +1 short sword of flaming
 L - a +2 war axe of holy wrath
Missiles
 j - 40 poisoned darts (quivered)
 A - 2 silver javelins
Armour
 m - a +0 helmet
 u - an orb of guile
 E - +0 acid dragon scales
 G - +2 steam dragon scales (worn)
Jewellery
 a - a ring of magical power
 i - the cursed ring "Lashed Visionary" (left hand) {AC+4, Fort, Elem}
   (You found it on level 2 of the Dungeon)

   [ring of protection]

   AC+4:      It affects your AC (+4).
   It has a curse which improves the following skills: Fortitude: Armour and
   Shields.
   Elements:  Fire Magic, Ice Magic, Air Magic and Earth Magic.
 y - the cursed ring of Supernal Understanding (right hand) {rC+, Bglg, Self}
   (You found it on level 3 of the Dungeon)

   [ring of protection from cold]

   rC+:       It protects you from cold.
   It has a curse which improves the following skills: Beguiling: Conjurations,
   Hexes and Translocations.
   Introspection: Fighting and Spellcasting.
 D - a ring of resist corrosion
 F - a ring of see invisible
Talismans
 c - a beast talisman (active)
 d - a flux talisman
Scrolls
 e - 10 scrolls of identify
 h - a scroll of noise
 l - a scroll of teleportation
 r - a scroll of blinking
 t - 3 scrolls of enchant weapon
 z - 2 scrolls of vulnerability
 B - a scroll of torment
 I - a scroll of revelation
Potions
 g - 2 potions of brilliance
 o - 3 potions of curing
 q - 2 potions of haste
 v - a potion of invisibility
 x - a potion of attraction
 C - 5 potions of cancellation
 H - a potion of mutation


   Skills:
 + Level 7.6(8.4) Fighting
 + Level 7.8 Dodging
 + Level 8.2 Unarmed Combat
 + Level 1.8(2.4) Spellcasting
 + Level 5.5(6.3) Fire Magic
 + Level 5.3(6.1) Ice Magic
 + Level 5.3(6.1) Air Magic
 + Level 5.3(6.1) Earth Magic
 + Level 7.4 Shapeshifting


You had 15 spell levels left.
You didn't know any spells.
Your spell library contained the following spells:

 Spells                   Type           Power      Damage    Failure   Level
 Swiftness                Air            20%        N/A       5%          3
 Ensorcelled Hibernation  Hex/Ice        22%        N/A       9%          2
 Passwall                 Tmut/Erth      9%         N/A       9%          2
 Hailstorm                Conj/Ice       11%        3d5       19%         3
 Dazzling Flash           Conj/Hex       4%         N/A       52%         3
 Sigil of Binding         Hex            2%         N/A       52%         3
 Tukima's Dance           Hex            2%         N/A       52%         3
 Leda's Liquefaction      Hex/Erth       5%         N/A       52%         4
 Summon Ice Beast         Ice/Summ       10%        N/A       52%         4
 Call Canine Familiar     Summ           1%         N/A       54%         3
 Borgnjor's Vile Clutch   Necr/Erth      5%         N/A       86%         5
 Silence                  Hex/Air        5%         N/A       86%         5
 Dimensional Bullseye     Hex/Tloc       1%         N/A       90%         4
 Iskenderun's Mystic Bla  Conj/Tloc      2%         2d3       90%         4
 Animate Dead             Necr           1%         N/A       91%         4
 Agony                    Necr           1%         N/A       99%         5
 Death Channel            Necr           0%         N/A       100%        6
 Simulacrum               Ice/Necr       5%         N/A       100%        6


Dungeon Overview and Level Annotations

Branches:
Dungeon (11/15)            Temple (1/1) D:4            Lair (1/5) D:10
    Orc (0/2) D:10        Ossuary (visited)

Altars:
Ashenzari
Cheibriados
Dithmenos
Elyvilon
Fedhas
Gozag
Hepliaklqana
Kikubaaqudgha
Makhleb
Nemelex Xobeh
Okawaru
Qazlal
Ru
Sif Muna
Trog
Uskayaw
Vehumet
Wu Jian
Xom
Yredelemnul
Zin
The Shining One

Shops:
D:4 *

Annotations:
D:4 2 runed translucent doors, javelincjr's ghost, amateur OpCj
D:10 Josephine


Message History

Found 17 gold pieces.
You slash the shadow!
The shadow is heavily damaged.
The shadow closely misses you.
You slice the shadow!!
You destroy the shadow!
You now have 586 gold pieces (gained 17).
t - 3 scrolls of enchant weapon (gained 1)
You now have 591 gold pieces (gained 5).
The gargoyle hurls a stone arrow at you.
The stone arrow hits you!
You hit the gargoyle but do no damage. The gargoyle hits you with a +0 flail!!
The gargoyle completely misses you.
You barely miss the gargoyle.
The gargoyle hurls a stone arrow at you.
The stone arrow hits you!
You slash the gargoyle!
The gargoyle is moderately damaged.
The gargoyle barely misses you. The gargoyle hits you with a +0 flail.
You hit the gargoyle but do no damage.
The gargoyle is moderately damaged.
The gargoyle hurls a stone arrow at you.
The stone arrow hits you!!
* * * LOW HITPOINT WARNING * * *
You slash the gargoyle!
The gargoyle is almost destroyed.
The gargoyle hits you with a +0 flail.
* * * LOW HITPOINT WARNING * * *
The gargoyle barely misses you.
Okay, then.
You completely miss the gargoyle.
The gargoyle is almost destroyed.
The gargoyle hits you with a +0 flail!
* * * LOW HITPOINT WARNING * * *
Unknown command.
You barely miss the gargoyle.
The gargoyle is almost destroyed.
The gargoyle hurls a stone arrow at you.
The stone arrow hits you!!
You die...

#..# #..# #..# ## #..# #..#
#..#####. #..# #..#
#.....#.. #..# #..#
#..##.... #..# #..#
#..##.... #..# #..#
#..#....# #..# #..#
#......#. #..# #..#
#.....#.# #..# #.h#
#....#.#. #..# #.9#
#...#.#.# #..# #..#
#..#.#.#. #..# #..#
#...#.#.# #..# #..#
#....#.#. #..# #..#####
#.....#.#
#..######................#.
#....................#....#
#.######..#########..##....


You could see a gargoyle.

Vanquished Creatures
  Erolcha (D:9)
  Amaemon (D:10)
  An ugly thing (D:11)
  An orange demon (D:9)
  Maggie (D:9)
  A kobold demonologist (D:10)
  A troll (D:10)
  5 wyverns
  4 shadows
  5 wraiths
  Grum (D:9)
  17 yaks
  2 basilisks
  3 steam dragons
  3 vampire mosquitoes (D:10)
  An acid dragon (D:9)
  2 water moccasins
  3 orc warriors
  An ice beast (D:6)
  2 sky beasts
  5 black bears
  2 ogres
  2 wolves
  A phantom (D:4)
  4 kobold brigands
  An elf zombie (Ossuary)
  5 bullfrogs
  4 scorpions
  A gnoll sergeant (D:9)
  9 wights
  5 killer bees
  A howler monkey (D:5)
  A human zombie (Ossuary)
  An orc priest (D:5)
  3 gnoll boudas
  2 hounds
  2 sleepcaps
  5 iguanas
  5 orc wizards
  2 mummies (Ossuary)
  18 gnolls
  7 adders
  A white imp (D:5)
  An ufetubus (D:6)
  An adder zombie (Ossuary)
  A worm (D:3)
  2 dart slugs
  24 orcs
  9 endoplasms
  2 giant cockroaches
  7 goblins
  6 hobgoblins
  26 kobolds
  A quokka (D:4)
  7 ball pythons
  5 bats
  5 frilled lizards
  A goblin zombie (Ossuary)
  13 hobgoblin zombies (Ossuary)
  A jackal zombie (Ossuary)
  8 kobold zombies (Ossuary)
  10 orc zombies (Ossuary)
  6 rats
  A rat zombie (Ossuary)
280 creatures vanquished.

Vanquished Creatures (others)
  A gnoll (D:7)
1 creature vanquished.

Grand Total: 281 creatures vanquished

Notes
Turn   | Place    | Note
-------+----------+-------------------------------------------
     0 | D:1      | Shayle the Human Shapeshifter began the quest for the Orb.
     0 | D:1      | Reached XP level 1. HP: 15/15 MP: 1/1
   288 | D:1      | Reached XP level 2. HP: 10/21 MP: 2/2
   771 | D:1      | Reached XP level 3. HP: 26/26 MP: 3/3
  1638 | D:2      | Reached XP level 4. HP: 32/33 MP: 4/4
  2016 | D:3      | Identified the +3 mace of Crystal {venom, Int+2 Dex+2}
  2128 | D:3      | Reached XP level 5. HP: 38/38 MP: 5/5
  2193 | D:3      | Found a hazy altar of Hepliaklqana.
  2407 | D:4      | Reached skill level 4 in Unarmed Combat
  2407 | D:4      | Reached XP level 6. HP: 29/46 MP: 6/6
  2480 | D:4      | Found a staircase to the Ecumenical Temple.
  2492 | Temple   | Entered the Ecumenical Temple
  2512 | Temple   | Became a worshipper of Ashenzari the Shackled
  2799 | D:4      | Found Xieh's General Store.
  2804 | D:4      | Bought a potion of curing for 39 gold pieces
  2804 | D:4      | Bought a scroll of identify for 26 gold pieces
  2804 | D:4      | Bought a potion of lignification for 39 gold pieces
  3106 | D:4      | Reached XP level 7. HP: 38/52 MP: 7/7
  3186 | D:4      | Found a large runed translucent door.
  3186 | D:4      | Found a large runed translucent door.
  3187 | D:4      | Noticed javelincjr's ghost (amateur OpCj)
  3213 | D:5      | Entered Level 5 of the Dungeon
  3615 | D:5      | Reached skill level 5 in Unarmed Combat
  3699 | D:5      | Reached XP level 8. HP: 60/60 MP: 8/8
  4029 | D:5      | Reached skill level 5 in Shapeshifting
  4252 | D:5      | Reached skill level 5 in Dodging
  4839 | D:6      | Reached skill level 5 in Fighting
  4846 | D:6      | Found a white marble altar of Elyvilon.
  4846 | D:6      | Found a burning altar of Makhleb.
  5196 | D:6      | Reached skill level 1 in Fire Magic
  5196 | D:6      | Reached skill level 1 in Ice Magic
  5196 | D:6      | Reached skill level 1 in Air Magic
  5196 | D:6      | Reached skill level 1 in Earth Magic
  5196 | D:6      | Reached XP level 9. HP: 58/68 MP: 9/9
  5308 | D:7      | Reached skill level 6 in Unarmed Combat
  5357 | D:7      | Found a sand-covered staircase.
  5362 | Ossuary  | Entered an ossuary
  6607 | D:7      | Reached * piety under Ashenzari
  6735 | D:8      | Reached XP level 10. HP: 66/77 MP: 10/10
  7104 | D:9      | Noticed Maggie
  8175 | D:9      | Killed Maggie
  8180 | D:9      | Noticed Amaemon
  8188 | D:9      | Noticed an orange demon
  8211 | D:8      | Reached skill level 7 in Unarmed Combat
  9282 | D:10     | Entered Level 10 of the Dungeon
  9304 | D:10     | Killed Amaemon
  9546 | D:10     | Reached XP level 11. HP: 32/84 MP: 11/11
  9753 | D:10     | Found a staircase to the Orcish Mines.
  9753 | D:10     | Noticed Grum
 10328 | D:11     | Noticed a green ugly thing
 10340 | D:11     | Killed a green ugly thing
 10680 | D:10     | Found a staircase to the Lair.
 11168 | D:9      | Noticed Erolcha
 11192 | D:9      | Killed Erolcha
 11478 | D:9      | Killed Grum
 11543 | D:9      | Reached skill level 5 in Fire Magic
 11923 | D:10     | Found the +11 Singing Sword {sonic wave}
 11972 | D:10     | Reached skill level 8 in Unarmed Combat
 12054 | D:10     | Reached skill level 5 in Earth Magic
 12056 | D:10     | Reached skill level 1 in Spellcasting
 12056 | D:10     | Reached skill level 5 in Ice Magic
 12056 | D:10     | Reached skill level 5 in Air Magic
 12286 | Lair:1   | Entered Level 1 of the Lair of Beasts
 12349 | D:10     | Reached XP level 12. HP: 67/93 MP: 14/14
 12574 | D:10     | Noticed Josephine
 12801 | D:11     | Killed from afar by a gargoyle

Illustrated notes

Levels and vault maps discovered:
D:1:      spicycebolla_arrival_ecumenical, layout_loops_corners
D:2:      layout_loops_ring
D:3:      layout_rooms, worldfamousw_hep_ancestral_shrine,
          corexii_hall_statues_l, grunt_ministairs_10, minmay_bisected
D:4:      layout_cave_pools, temple_pool_b, ebering_ghost_disaster_area,
          serial_shops, shop, dreamdust_wishing_well, kennysheep_donut,
          grunt_ministairs_2
D:5:      layout_basic, minmay_misc_feat_plants
D:6:      layout_basic, nicolae_overflow_two_pavilions
D:7:      layout_basic, enter_ossuary_2, grunt_decor_arrowhead
D:8:      layout_loops_cross
D:9:      layout_loops_cross, hangedman_decor_clover_reticule, uniq_erolcha,
          uniq_maggie, uniq_amaemon
D:10:     layout_roguey, minmay_lair_entry_grove, david_orc_2,
          minmay_hedge_maze, serial_bayou_ford_a, uniq_josephine, uniq_grum
D:11:     layout_long_grid, nicolae_the_louvre
Temple:   compressed_dpeg_triangle_lava_temple
Lair:1:   wad_woods_04, layout_regular_city, serial_forest,
          infiniplex_forest_lined_2, infiniplex_forest_lined_2,
          infiniplex_forest_straight_2, infiniplex_forest_straight_2,
          infiniplex_forest_straight_2, hangedman_tree_tricks,
          infiniplex_staircase_pool_2, lemuel_fruit_tree

Skill      XL: |  1  2  3  4  5  6  7  8  9 10 11 |
---------------+----------------------------------+-----
Fighting       | 2 3 4 5 6 7 |  7.6
Dodging        | 3 4 5 6 7 |  7.8
Unarmed Combat | 4 5 6 7 8 |  8.2
Shapeshifting  | 4 5 6 7 |  7.4
Fire Magic     | 1 2 4 5 |  5.5
Ice Magic      | 1 2 3 5 |  5.3
Air Magic      | 1 2 3 5 |  5.3
Earth Magic    | 1 2 3 5 |  5.3
Spellcasting   | 1 |  1.8

Action                     |  1- 3 |  4- 6 |  7- 9 | 10-12 || total
---------------------------+-------+-------+-------+-------++-------
  Melee: Unarmed           |    52 |       |       |       ||    52
         Morningstar       |    60 |    62 |       |       ||   122
         Punch             |     3 |     3 |    19 |    28 ||    53
         Mace              |       |    63 |   298 |   332 ||   693
         Double sword      |       |       |       |    70 ||    70
         War axe           |       |       |       |    14 ||    14
  Throw: Dart              |       |       |       |     3 ||     3
 Invoke: Curse Item        |       |       |     2 |       ||     2
  Evoke: Wand              |       |       |       |    20 ||    20
    Use: Scroll            |       |       |     4 |     7 ||    11
         Potion            |       |       |       |    12 ||    12
   Stab: Sleeping          |     1 |     1 |     3 |     1 ||     6
 Armour: Animal skin       |    73 |   102 |   125 |       ||   300
         Steam dragon scal |       |       |    86 |   384 ||   470
         Skin              |       |       |       |   122 ||   122
  Dodge: Dodged            |    66 |   142 |   257 |   415 ||   880

Table legend: (Time is in decaauts)
 A = Elapsed time spent in this place.
 B = Non-inter-level travel time spent in this place.
 C = Inter-level travel time spent in this place.
 D = Time resting spent in this place.
 E = Time spent auto-exploring this place.
 F = Levels seen in this place.
 G = Mean time per level.
                   A        B        C        D        E       F      G
               +--------+--------+--------+--------+--------+-----+--------+
         Total |  13281 |  12769 |    512 |   3175 |   5222 |  14 |  948.6 |
       Dungeon |  12700 |  12207 |    493 |   3037 |   5180 |  11 | 1154.5 |
        Temple |     39 |     20 |     19 |      0 |      0 |   1 |   39.0 |
          Lair |     55 |     55 |      0 |      0 |     14 |   1 |   55.0 |
       Ossuary |    486 |    486 |      0 |    138 |     28 |   1 |  486.0 |
               +--------+--------+--------+--------+--------+-----+--------+

Top non-repeatable levels by time:
     D:9: 1790 daAuts
     D:8: 1773 daAuts
    D:10: 1473 daAuts
     D:7: 1444 daAuts
     D:5: 1269 daAuts
     D:1: 919 daAuts
    D:11: 870 daAuts
     D:6: 819 daAuts
     D:3: 810 daAuts
     D:2: 782 daAuts
     D:4: 747 daAuts
 Ossuary: 486 daAuts
  Lair:1: 55 daAuts
  Temple: 39 daAuts
